Map: Gresvan LE

Players

TrialanError - Winner!

  • Race: Zerg Zerg
  • League: Silver
  • Spawn Location: 5:00

speeder

  • Race: Terran Terran
  • Spawn Location: 11:00

VOD

Have the link to the VOD?

Description

Time

  • Played on: May 4, 2023, 9:29 p.m.
  • Length: 18:51
Show
View Real Time Build Order
Export as new Build Order

TrialanError Zerg - Winner!

Build Orders: Hatch First 

Get SALT Encoding   

  12  0:02  Drone  
  13  0:08  Drone  
  14  0:15  Extractor  
  14  0:18  Drone, Extractor  
  13  0:23  Drone  
  16  0:46  Hatchery  
  15  1:00  Spawning Pool  
  14  1:05  Overlord  
  14  1:31  Overlord  
  14  1:59  Zergling x2  
  17  2:01  Spine Crawler  
  17  2:03  Spine Crawler  
  15  2:12  Hatchery  
  12  2:19  Zergling x2  
  13  2:25  Zergling x6  
  16  2:36  Queen  
  18  2:44  Zergling x2  
  19  2:57  Zergling x2  
  20  3:03  Zergling x2  
  21  3:24  Queen  
  21  3:26  Zergling x2  
  24  3:45  Drone  
  24  4:05  Drone x2  
  24  4:07  Spine Crawler  
  25  4:10  Queen  
  27  4:22  Spine Crawler  
  26  4:27  Spine Crawler  
  17  4:40  Drone  
  17  4:41  Drone x5  
  23  4:46  Extractor  
  23  4:50  Extractor  
  21  5:08  Drone x2  
  23  5:16  Roach Warren  
  23  5:19  Drone  
  23  5:20  Drone x2  
  25  5:26  Drone  
  26  6:10  Roach x4  
  26  6:11  Roach  
  36  6:16  Overlord x2  
  36  6:17  Overlord  
  36  6:33  Overlord  
  36  6:34  Overlord  
  36  6:37  Ravager x2  
  36  6:38  Ravager  
  37  6:46  Ravager  
  38  7:00  Roach x2  
  38  7:01  Roach  
  44  7:22  Ravager  
  45  7:26  Zergling x14  
  45  7:27  Zergling x4  
  54  7:36  Ravager  
  48  8:21  Ravager  
  48  8:22  Roach x2  
  48  8:23  Roach x3  
  57  8:29  Hatchery  
  48  9:01  Roach  
  48  9:02  Roach x2  
  48  9:25  Hatchery  
  48  9:27  Ravager x4  
  48  9:28  Ravager  
  52  9:38  Drone  
  52  9:40  Overlord x2  
  53  10:11  Ravager x2  
  53  10:12  Roach x2  
  53  10:13  Roach  
  61  10:51  Queen  
  63  11:08  Drone x12  
  75  11:17  Extractor  
  74  11:20  Overlord  
  74  11:44  Ravager x2  
  47  12:07  Roach x4  
  47  12:08  Roach x4  
  52  12:18  Ravager  
  52  12:19  Roach x2  
  52  12:20  Roach x2  
  61  12:24  Metabolic Boost  
  61  12:28  Queen  
  61  12:29  Ravager x2  
  65  12:35  Zergling x4  
  67  12:37  Ravager  
  68  12:53  Overlord x3  
  68  13:10  Overlord x2  
  68  13:17  Ravager x3  
  68  13:18  Ravager  
  72  13:20  Zergling x2  
  72  13:21  Zergling x8  
  72  13:25  Zergling x4  
  72  13:26  Ravager  
  80  13:30  Ravager  
  80  13:32  Zergling x2  
  80  13:33  Zergling x2  
  83  13:37  Zergling x8  
  83  13:38  Zergling x4  
  89  13:41  Ravager  
  90  13:56  Zergling x2  
  90  13:57  Zergling x2  
  92  14:06  Ravager x2  
  92  14:07  Zergling x2  
  92  14:08  Zergling x14  
  102  14:15  Zergling x2  
  102  14:16  Zergling x2  
  79  14:34  Roach x6  
  69  14:56  Roach x2  
  69  14:57  Roach x2  
  77  15:06  Roach x4  
  76  15:19  Roach x2, Zergling x2  
  75  15:32  Zergling x2  
  75  15:33  Zergling x6  
  77  15:44  Ravager x6  
  77  15:47  Zergling x6  
  87  15:50  Drone  
  87  15:54  Ravager  
  88  15:58  Drone x2  
  88  16:00  Extractor  
  89  16:06  Ravager  
  89  16:08  Zergling x2  
  89  16:09  Zergling x6  
  93  16:25  Ravager x2  
  88  16:38  Ravager x2  
  90  16:41  Zergling x12  
  89  16:57  Ravager  
  89  16:58  Ravager  
  89  16:59  Roach  
  89  17:00  Zergling x6  
  89  17:01  Zergling x10  
  86  17:47  Lair  
  86  18:03  Extractor x2  
  86  18:04  Hatchery  
Show
View Real Time Build Order
Export as new Build Order

speeder Terran 

Build Orders:  

Get SALT Encoding   

  12  0:01  SCV  
  13  0:14  Supply Depot  
  13  0:19  SCV  
  14  0:28  Refinery  
  14  0:31  SCV  
  15  0:52  SCV  
  16  0:57  Barracks  
  16  1:04  SCV  
  17  1:16  Supply Depot  
  17  1:20  SCV  
  18  1:32  SCV  
  19  1:44  SCV  
  20  1:47  Reaper  
  21  1:59  Orbital Command  
  19  2:29  Factory, Marine  
  20  2:45  SCV  
  21  2:55  Barracks Reactor  
  21  2:57  SCV  
  21  3:05  Refinery  
  21  3:09  Command Center, SCV  
  22  3:14  Command Center  
  22  3:25  SCV  
  22  3:26  Factory Tech Lab  
  23  3:37  Marine x2  
  23  3:38  SCV  
  26  3:45  Siege Tank  
  29  3:55  Marine x2  
  28  4:06  Bunker  
  28  4:16  Marine x2  
  29  4:23  Bunker  
  29  4:25  Siege Tank  
  31  4:34  Marine x2  
  31  4:46  Supply Depot  
  31  4:49  Orbital Command  
  31  5:10  SCV  
  32  5:18  SCV  
  33  5:22  SCV  
  34  5:34  SCV  
  35  5:41  Siege Tank  
  38  5:46  Barracks, SCV  
  39  5:58  Barracks  
  39  6:00  SCV  
  39  6:01  SCV  
  41  6:10  Supply Depot  
  41  6:12  SCV  
  42  6:33  Orbital Command  
  42  6:39  Siege Tank  
  45  6:44  Starport  
  45  6:50  Barracks Tech Lab, Barracks  
  45  6:55  Supply Depot  
  42  7:10  Stimpack  
  42  7:11  Siege Tank  
  42  7:15  SCV  
  46  7:27  SCV  
  47  7:31  Marine x3  
  50  7:39  SCV  
  51  7:49  Marine x2  
  51  7:50  Marauder  
  55  7:51  SCV  
  55  7:53  Barracks Reactor  
  56  8:03  SCV  
  57  8:11  Marauder  
  46  8:21  Siege Tank  
  48  8:32  Bunker  
  48  8:36  Starport Reactor, Marine x3  
  48  8:37  Marine x2  
  47  8:52  SCV  
  47  8:53  Siege Tank  
  47  8:54  Marine x4  
  55  9:04  SCV  
  55  9:05  Combat Shield  
  55  9:09  Supply Depot  
  56  9:15  Marauder, Marine  
  56  9:16  Marine x3  
  62  9:30  Medivac x2, SCV  
  67  9:33  Marine x2, Supply Depot  
  67  9:34  Marine  
  67  9:37  Command Center  
  70  9:39  Barracks  
  70  9:43  Barracks  
  70  9:54  SCV  
  70  9:55  Marauder  
  70  9:56  Marine x3  
  70  9:57  Marine  
  77  10:01  Supply Depot  
  77  10:07  SCV  
  78  10:18  Supply Depot  
  78  10:19  Marine  
  78  10:22  Medivac x2, Marine  
  78  10:23  Marauder  
  78  10:26  Marine  
  86  10:31  Barracks Reactor  
  86  10:39  Marine x2  
  86  10:40  Supply Depot  
  86  10:42  Supply Depot  
  88  10:44  Barracks Reactor, Marauder  
  87  10:50  Siege Tank  
  87  10:51  Orbital Command  
  87  10:52  Medivac x2  
  94  10:58  Marine  
  94  10:59  Marine  
  96  11:05  Marauder  
  98  11:15  Marine  
  98  11:17  Marine  
  100  11:27  Marauder  
  99  11:48  Marauder  
  81  12:06  Marine x2  
  81  12:07  Marine x3  
  81  12:08  Marine x3  
  77  12:09  Marauder  
  79  12:24  Marine x2  
  79  12:25  Marine x3  
  79  12:26  Marine x3  
  87  12:31  Marauder  
  87  12:32  Medivac x2  
  93  12:42  Marine x2  
  95  12:51  Refinery  
  95  12:52  Marauder, Refinery  
  95  12:55  SCV  
  98  13:02  Medivac x2  
  98  13:04  Orbital Command  
  102  13:07  SCV  
  103  13:14  Marauder  
  103  13:19  SCV  
  106  13:35  Marauder  
  106  13:40  Command Center  
  108  13:49  SCV  
  109  14:01  SCV  
  110  14:11  Engineering Bay  
  110  14:14  SCV  
  110  14:16  Marauder, Marine x2  
  115  14:17  Engineering Bay, Marine x2  
  115  14:18  Marine x4  
  101  14:26  SCV  
  86  14:34  Marine x2  
  86  14:35  Marine x2  
  86  14:37  Marine x2  
  86  14:38  Marauder, Marine x2  
  77  14:52  Marine x3  
  71  14:53  Marine  
  71  14:59  Marauder  
  57  15:17  Marine x8  
  57  15:20  Marauder  
  63  15:35  Marine x8  
  62  15:42  Marauder  
  65  15:44  SCV  
  65  15:45  SCV  
  67  15:52  Marine  
  67  15:53  Marine x2  
  67  15:55  Supply Depot  
  70  15:58  Supply Depot  
  70  16:03  Marauder  
  70  16:04  SCV x2  
  74  16:06  SCV  
  74  16:08  SCV  
  76  16:16  SCV x2  
  76  16:18  SCV  
  79  16:21  SCV  
  55  16:39  Marine x4  
  50  16:40  Marine x5  
  35  16:57  Marine x9  
  44  17:02  Barracks  
  20  17:44  Barracks  
  20  17:45  Barracks  
  17  18:08  Marine  
  7  18:25  Barracks  
  5  18:28  Barracks  
  5  18:29  Barracks  
  5  18:32  SCV x2  
Tags
 
League
Silver
Matchup
TvZ
Spawn Locations
Cross Positions
Add a new tag
Caveats
  • Supply blocks, unpowered buildings, or Contaminate may cause inaccurate times.
  • Supply counts are checked every 10 seconds.